 Dungeon Crawl Stone Soup version 0.26-a0-708-g17f3b190f9 (webtiles) character file.

Game seed: 1780702546318387382

29591 Murumi the Basher (level 13, -2/133 HPs)
             Began as an Ogre Conjurer on Oct 29, 2020.
             Was a High Priest of Okawaru.
             Slain by a seven-headed hydra (7 damage)
             ... on level 3 of the Lair of Beasts.
             The game lasted 01:30:44 (23104 turns).

Murumi the Basher (Ogre Conjurer)                  Turns: 23104, Time: 01:30:44

Health: -2/133     AC: 10    Str: 20    XL:     13   Next: 46%
Magic:  17/17      EV: 15    Int: 19    God:    Okawaru [*****.]
Gold:   1115       SH: 12    Dex:  7    Spells: 15/18 levels left

rFire    . . .     SeeInvis .   i - +5 flail (drain)
rCold    . . .     Faith    .   E - +2 kite shield
rNeg     . . .     Spirit   .   M - +1 robe {MR+}
rPois    .         Reflect  .   z - +3 hat of Qelan {Str+2}
rElec    .         Harm     .   j - +2 cloak {MR+}
rCorr    .         Rampage  .   (gloves unavailable)
MR       +++..                  (boots unavailable)
Stlth    ++........             g - amulet of magic regeneration
HPRegen  0.32/turn              q - +4 ring of evasion
MPRegen  0.40/turn              (no ring)

@: no status effects
A: large, unfitting armour, tough skin 1
a: Heroism, Finesse, Renounce Religion


You were on level 3 of the Lair of Beasts.
You worshipped Okawaru.
Okawaru was extremely pleased with you.
You visited 2 branches of the dungeon, and saw 15 of its levels.
You also visited: Sewer and Ice Cave.

You collected 1115 gold pieces.

Inventory:

Hand Weapons
 h - a +0 whip
 i - a +5 flail of draining (weapon)
 G - a +0 giant spiked club of draining
Missiles
 f - 309 stones (quivered)
 k - 15 large rocks
 p - 10 poisoned darts
 s - 7 curare-tipped darts
 x - 6 boomerangs
 L - 8 silver javelins
 N - 14 atropa-tipped darts
Armour
 j - a +2 cloak of magic resistance (worn)
 r - a +0 tower shield of protection
 z - the +3 hat of Qelan (worn) {Str+2}
   (Okawaru gifted it to you on level 11 of the Dungeon)

   It affects your strength (+2).
 E - a +2 kite shield (worn)
 M - a +1 robe of magic resistance (worn)
Jewellery
 g - an amulet of magic regeneration (around neck)
 q - a +4 ring of evasion (left hand)
Wands
 y - a wand of acid (12)
 A - a wand of disintegration (22)
 H - a wand of enslavement (4)
 O - a wand of polymorph (13)
Scrolls
 c - 10 scrolls of teleportation
 l - 4 scrolls of fog
 m - 5 scrolls of fear
 C - 2 scrolls of enchant armour
 D - a scroll of enchant weapon
 K - 4 scrolls of amnesia
 P - 3 scrolls of remove curse
Potions
 a - a potion of haste {unknown}
 b - 7 potions of heal wounds
 d - 3 potions of flight
 e - 6 potions of curing
 n - 2 potions of might
 o - 2 potions of resistance
 t - 2 potions of mutation
 u - 2 potions of magic
 w - 2 potions of lignification {unknown}
 B - 2 potions of stabbing {unknown}
 F - 5 potions of ambrosia {unknown}
 J - a potion of brilliance {unknown}
 Q - a potion of invisibility {unknown}
Miscellaneous
 v - a lightning rod (4/4)
 R - a phantom mirror (inert)


   Skills:
 - Level 10.0 Fighting
 - Level 14.0 Maces & Flails
 - Level 11.0 Throwing
 - Level 1.0 Armour
 - Level 5.0 Dodging
 - Level 2.0 Stealth
 + Level 9.6 Shields
 - Level 3.0 Spellcasting
 - Level 4.0 Conjurations
 - Level 4.0 Invocations
 - Level 2.0 Evocations


You had 15 spell levels left.
You knew the following spells:

 Your Spells              Type           Power        Failure   Level
a - Magic Dart            Conj           ###.         3%          1
b - Searing Ray           Conj           ###...       4%          2

Your spell library contained the following spells:

 Spells                   Type           Power        Failure   Level
 Animate Skeleton         Necr           #.....       16%         1
 Pain                     Necr           #...         16%         1
 Dazzling Flash           Conj/Hex       ##....       21%         3
 Vampiric Draining        Necr           #.........   41%         3
 Fulminant Prism          Conj/Hex       ##........   54%         4
 Iskenderun's Mystic Bla  Conj/Tloc      ##......     54%         4
 Animate Dead             Necr           #.........   83%         4
 Agony                    Necr           #.......     99%         5


Dungeon Overview and Level Annotations

Branches:
Dungeon (11/15)            Temple (0/1) D:7            Lair (4/6) D:9
 Spider (0/4) Lair:2          Orc (0/2) D:11          Sewer (visited)
  IceCv (visited)
  Swamp: Lair:2-4    Shoals: Lair:2-4

Altars:
Ashenzari
Fedhas
Kikubaaqudgha
Nemelex Xobeh
Okawaru
Ru
Vehumet
Yredelemnul
The Shining One

Shops:
D:4 (   D:11 (:


Innate Abilities, Weirdness & Mutations

You are too large for most types of armour.
You have tough skin. (AC +1)


Message History

* * * LOW HITPOINT WARNING * * *
The seven-headed hydra bites you.
* * * LOW HITPOINT WARNING * * *
The seven-headed hydra bites you.
* * * LOW HITPOINT WARNING * * *
The seven-headed hydra bites you.
* * * LOW HITPOINT WARNING * * *
The seven-headed hydra bites you.
* * * LOW HITPOINT WARNING * * *
Throwing (i - inventory. (/) - cycle)
f - 310 stones (quivered)
Press: ? - help, Shift-Dir - straight line, f/p - basilisk
Aim: a basilisk (almost dead, heavily drained)
You throw a stone. The stone hits the seven-headed hydra.
The seven-headed hydra is heavily wounded.
The seven-headed hydra bites you!
* * * LOW HITPOINT WARNING * * *
The seven-headed hydra bites you but does no damage.
The seven-headed hydra closely misses you.
The seven-headed hydra bites you!
You die...

#### #### ## ###P.### #.#. .#
####......# #... ##
#######..+......# #####.. ##
#####.#.#.#.#......}###.###..
P####.##.....D.#@#...............
..#.P.....#.#.#D##.........P##...
..............l###..........##...
+..##..#..#.#.###^.......#####...
########.......#.#......## #... #
####.#.###.......# ##.. #
#.....###......## #.. #
####.#.####.......# #..
#.#......###+P#..## #.#


You could see a seven-headed hydra (drained) and a basilisk (drained).

Vanquished Creatures
  Gastronok (D:11)
  4 hydras
  Erica (D:11)
  A two-headed ogre (D:10)
  Sonja (Lair:1)
  4 ugly things
  A manticore (D:11)
  A black mamba (Lair:2)
  2 ice statues (IceCv)
  A centaur skeleton (D:11)
  6 cane toads
  A rime drake (Lair:1)
  5 komodo dragons
  A queen bee (Lair:3)
  A polar bear (Lair:3)
  8 blink frogs
  Prince Ribbit (D:5)
  Grinder (D:5)
  A shadow (D:11)
  A wyvern (Lair:3)
  35 yaks
  Grum (D:11)
  A steam dragon (D:7)
  Edmund (D:4)
  Duvessa (D:4)
  9 water moccasins
  5 orc warriors
  2 hornet zombies
  3 sky beasts
  6 ice beasts
  An eye of draining (D:10)
  5 ogres
  4 centaurs
  3 phantoms (D:11)
  2 wolves (D:10)
  4 big kobolds
  17 bullfrogs
  A wyvern zombie (D:11)
  Dowan (D:4)
  A gnoll sergeant (D:5)
  7 scorpions
  40 killer bees
  5 wights (D:6)
  A bullfrog zombie (D:9)
  A quasit (D:7)
  A gnoll shaman (D:4)
  3 hounds
  3 orc priests
  5 jellies
  13 orc wizards
  Crazy Yiuf (D:3)
  A bullfrog skeleton (D:9)
  An iguana (D:6)
  9 worker ants
  A hound zombie (D:11)
  A worker ant zombie (D:5)
  11 gnolls
  10 adders
  2 howler monkey skeletons (D:9)
  2 shadow imps (D:8)
  13 white imps
  3 oozes (Sewer)
  3 adder skeletons
  4 worms
  2 dart slugs (D:2)
  13 leopard geckos
  56 orcs
  3 ball pythons (Sewer)
  13 bats
  4 giant cockroaches
  7 goblins
  9 hobgoblins
  9 jackals
  21 kobolds
  4 quokkas
  5 frilled lizards
  A leopard gecko skeleton (D:6)
  9 rats
443 creatures vanquished.

Vanquished Creatures (others)
  An ice beast (IceCv)
  69 fungi
  57 plants
127 creatures vanquished.

Grand Total: 570 creatures vanquished

Notes
Turn   | Place    | Note
-------+----------+-------------------------------------------
     0 | D:1      | Murumi the Ogre Conjurer began the quest for the Orb.
     0 | D:1      | Reached XP level 1. HP: 16/16 MP: 3/3
   182 | D:1      | Reached XP level 2. HP: 24/24 MP: 3/6
   186 | D:1      | Learned a level 2 spell: Searing Ray
   996 | D:2      | Reached XP level 3. HP: 31/31 MP: 4/7
  1254 | D:2      | Reached skill level 1 in Throwing
  1324 | D:2      | Found an iron altar of Okawaru.
  1340 | D:2      | Became a worshipper of Warmaster Okawaru
  1401 | D:2      | Reached skill level 1 in Fighting
  1669 | D:2      | Reached XP level 4. HP: 41/41 MP: 4/8
  1748 | D:2      | Reached skill level 1 in Maces & Flails
  1846 | D:3      | Found a broken altar of Ashenzari.
  2132 | D:3      | Found a sparkling altar of Nemelex Xobeh.
  2140 | D:3      | Reached XP level 5. HP: 48/48 MP: 5/9
  2141 | D:3      | Found a sacrificial altar of Ru.
  2155 | D:3      | Found a glowing golden altar of the Shining One.
  2157 | D:3      | Found a basalt altar of Yredelemnul.
  2309 | D:3      | Reached skill level 2 in Maces & Flails
  2382 | D:3      | Found a runed translucent door.
  2383 | D:3      | Noticed Crazy Yiuf
  2528 | D:3      | Killed Crazy Yiuf
  2641 | D:4      | Noticed Edmund
  2655 | D:4      | Killed Edmund
  2655 | D:4      | Reached * piety under Okawaru
  2655 | D:4      | Reached skill level 1 in Invocations
  2655 | D:4      | Reached XP level 6. HP: 57/57 MP: 3/10
  2684 | D:4      | Reached skill level 3 in Maces & Flails
  2699 | D:4      | Found a glowing drain.
  2703 | Sewer    | Entered a sewer
  3872 | D:4      | Found Fuamiw's Antique Weapon Emporium.
  3876 | D:4      | Noticed Duvessa
  3892 | D:4      | Noticed Dowan
  3904 | D:4      | Killed Duvessa
  3904 | D:4      | Reached XP level 7. HP: 52/67 MP: 11/11
  3918 | D:4      | Killed Dowan
  4403 | D:4      | Reached skill level 4 in Maces & Flails
  4611 | D:5      | Entered Level 5 of the Dungeon
  4983 | D:5      | Noticed Grinder
  5000 | D:5      | Killed Grinder
  5000 | D:5      | Reached ** piety under Okawaru
  5000 | D:5      | Reached skill level 5 in Throwing
  5000 | D:5      | Reached XP level 8. HP: 33/78 MP: 4/12
  5233 | D:5      | Found a blossoming altar of Fedhas.
  5243 | D:5      | Reached skill level 5 in Maces & Flails
  5640 | D:5      | Reached skill level 5 in Fighting
  6095 | D:6      | Reached skill level 1 in Shields
  6161 | D:6      | Noticed Prince Ribbit
  6182 | D:5      | Killed Prince Ribbit
  6182 | D:5      | Reached *** piety under Okawaru
  6524 | D:6      | Reached XP level 9. HP: 84/88 MP: 4/13
  6581 | D:6      | Received a gift from Okawaru
  6847 | D:6      | Reached skill level 5 in Shields
  6898 | D:6      | Reached skill level 1 in Evocations
  7786 | D:6      | Received a gift from Okawaru
  8443 | D:7      | Reached skill level 6 in Maces & Flails
  9086 | D:7      | Reached **** piety under Okawaru
  9328 | D:7      | Found a staircase to the Ecumenical Temple.
  9804 | D:8      | Reached skill level 7 in Maces & Flails
  9952 | D:8      | Reached skill level 8 in Maces & Flails
  9952 | D:8      | Reached XP level 10. HP: 90/96 MP: 14/14
 10078 | D:8      | Reached skill level 9 in Maces & Flails
 10284 | D:8      | Received a gift from Okawaru
 11186 | D:9      | Reached skill level 10 in Maces & Flails
 11244 | D:9      | Noticed a brown ugly thing
 11262 | D:9      | Killed a purple ugly thing
 12039 | D:9      | Reached skill level 11 in Maces & Flails
 12428 | D:9      | Found a staircase to the Lair.
 12479 | D:9      | Received a gift from Okawaru
 12630 | D:9      | Found a radiant altar of Vehumet.
 12630 | D:9      | Found an ancient bone altar of Kikubaaqudgha.
 12931 | D:10     | Entered Level 10 of the Dungeon
 13307 | D:10     | Reached XP level 11. HP: 107/107 MP: 15/15
 13789 | D:10     | Reached ***** piety under Okawaru
 14031 | D:10     | Received a gift from Okawaru
 14034 | D:10     | Reached skill level 12 in Maces & Flails
 14625 | D:10     | Noticed a two-headed ogre
 14642 | D:10     | Killed a two-headed ogre
 14642 | D:10     | Received a gift from Okawaru
 15323 | D:11     | Noticed Grum
 15505 | D:11     | Killed Grum
 15630 | D:11     | Found Fobry's Book Boutique.
 15797 | D:11     | Noticed a manticore
 16074 | D:11     | Noticed a red ugly thing
 16091 | D:11     | Killed a red ugly thing
 16127 | D:11     | Noticed Erica
 16146 | D:11     | Killed Erica
 16186 | D:11     | Received a gift from Okawaru
 16230 | D:11     | Got a distressingly furry hat {god gift}
 16235 | D:11     | Identified the +3 hat of Qelan {Str+2} (Okawaru gifted it
                  | to you on level 11 of the Dungeon)
 16584 | D:11     | Killed a manticore
 17248 | D:11     | Found a staircase to the Orcish Mines.
 17248 | D:11     | Found Ozolaam's Weapon Shop.
 17807 | D:11     | Noticed Gastronok
 17819 | D:11     | Reached XP level 12. HP: 106/119 MP: 16/16
 17821 | D:11     | Reached skill level 13 in Maces & Flails
 17852 | D:11     | Killed Gastronok
 17852 | D:11     | Reached skill level 1 in Armour
 18401 | Lair:1   | Entered Level 1 of the Lair of Beasts
 18923 | Lair:1   | Noticed Sonja
 18936 | Lair:1   | Reached skill level 10 in Throwing
 19387 | Lair:1   | Received a gift from Okawaru
 19493 | Lair:1   | Noticed an eight-headed hydra
 19508 | Lair:1   | Killed an eight-headed hydra
 19986 | Lair:1   | Killed Sonja
 19986 | Lair:1   | Received a gift from Okawaru
 20173 | Lair:2   | Found a hole to the Spider Nest.
 20332 | Lair:2   | Received a gift from Okawaru
 20332 | Lair:2   | Reached skill level 14 in Maces & Flails
 20642 | Lair:2   | Noticed an eight-headed hydra
 20659 | Lair:2   | Killed an eight-headed hydra
 20659 | Lair:2   | Reached skill level 5 in Dodging
 20659 | Lair:2   | Reached XP level 13. HP: 95/131 MP: 15/17
 20953 | Lair:2   | Received a gift from Okawaru
 21646 | Lair:3   | Reached skill level 10 in Fighting
 21710 | Lair:3   | Found a frozen archway.
 21723 | IceCv    | Entered an ice cave
 22061 | IceCv    | Found a transporter.
 22127 | IceCv    | Found a transporter.
 23104 | Lair:3   | HP: 5/133 [seven-headed hydra (12)]
 23104 | Lair:3   | Slain by a seven-headed hydra

Illustrated notes

Levels and vault maps discovered:
D:1:      giann_forest_graveyard, layout_basic
D:2:      layout_basic, okawaru_gym_becter
D:3:      layout_rooms, grunt_temple_overflow_open, uniq_crazy_yiuf_cottage
D:4:      layout_gridville, serial_shops, nicolae_shop_overgrown_old_shop,
          gup_sewer_entry_bowl, uniq_duvessa, uniq_edmund
D:5:      layout_basic, kennysheep_little_box, lightli_minifort, uniq_grinder
D:6:      cheibrodos_thug_alley, layout_basic, hangedman_decor_riveting,
          uniq_prince_ribbit1
D:7:      layout_cave_pods, minmay_temple_entry_poolview,
          minmay_manual_monstrance
D:8:      minmay_inner_zag, layout_basic
D:9:      layout_roguey, gammafunk_temple_overflow_elements,
          due_lair_maze_entry_diamond, minmay_misc_feat_plants
D:10:     layout_stronghold
D:11:     old_forge, layout_rooms, orc_david_3, serial_shops,
          nicolae_shop_window_shopping, hangedman_decor_slide_cut,
          uniq_gastronok, uniq_grum, uniq_erica
Lair:1:   layout_cave_pods, infiniplex_staircase_pool, grunt_megastairs_2,
          uniq_sonja
Lair:2:   layout_misc_corridors, spider_nest_entry_web_field
Lair:3:   layout_roguey [special_room_bee], portal_ice_cave_entry_imps,
          eino_small_chamber_without_monster, st_stairs_13
Lair:4:   layout_concentric_octagons, minmay_swamp_entry_swarm,
          serial_bayou_pond_a, st_stairs_13

Skill      XL: |  1  2  3  4  5  6  7  8  9 10 11 12 13 |
---------------+----------------------------------------+-----
Spellcasting   | 3 |  3.0
Conjurations   | 4 |  4.0
Dodging        | 2 3 4 5 |  5.0
Stealth        | 2 |  2.0
Throwing       | 1 2 3 4 5 6 7 8 9 10 11 | 11.0
Fighting       | 1 2 3 4 5 6 8 9 10 | 10.0
Maces & Flails | 1 2 3 4 5 8 11 12 14 | 14.0
Invocations    | 1 2 3 4 |  4.0
Shields        | 4 6 7 8 9 |  9.6
Evocations     | 1 2 |  2.0
Armour         | 1 |  1.0

Action                   |  1- 3 |  4- 6 |  7- 9 | 10-12 | 13-15 || total
-------------------------+-------+-------+-------+-------+-------++-------
Melee: Unarmed           |     3 |       |       |       |       ||     3
       Whip              |       |     4 |       |       |       ||     4
       Flail             |       |    57 |   176 |   672 |   214 ||  1119
       Punch             |       |       |       |     5 |       ||     5
Throw: Stone             |    13 |    61 |   224 |   519 |   106 ||   923
       Dart              |       |     6 |    30 |    80 |       ||   116
       Large rock        |       |       |     2 |    12 |    10 ||    24
       Boomerang         |       |       |     6 |    10 |     1 ||    17
       Javelin           |       |       |       |     2 |     5 ||     7
 Cast: Magic Dart        |    43 |    22 |       |       |       ||    65
       Searing Ray       |     5 |    13 |    25 |    17 |       ||    60
Invok: Heroism           |       |       |     2 |     9 |     5 ||    16
       Finesse           |       |       |       |       |     2 ||     2
Evoke: Wand              |       |       |       |     1 |     1 ||     2
       Phantom mirror    |       |       |       |       |     1 ||     1
  Use: Scroll            |     7 |     5 |     7 |     3 |     5 ||    27
       Potion            |       |     2 |       |       |     2 ||     4
 Stab: Sleeping          |       |       |     1 |     1 |       ||     2
Armor: Robe              |     3 |    18 |    52 |    88 |    37 ||   198
       Animal skin       |       |       |       |     5 |       ||     5
Dodge: Dodged            |     3 |    33 |   173 |   311 |   106 ||   626
Block: Kite shield       |       |       |       |    58 |   154 ||   212

Table legend: (Time is in decaauts)
 A = Elapsed time spent in this place.
 B = Non-inter-level travel time spent in this place.
 C = Inter-level travel time spent in this place.
 D = Time resting spent in this place.
 E = Time spent auto-exploring this place.
 F = Levels seen in this place.
 G = Mean time per level.
                   A        B        C        D        E       F      G
               +--------+--------+--------+--------+--------+-----+--------+
         Total |  22893 |  21608 |   1285 |   1421 |  16860 |  17 | 1346.6 |
       Dungeon |  17359 |  16252 |   1107 |   1075 |  12717 |  11 | 1578.1 |
          Lair |   4087 |   3910 |    177 |     39 |   3272 |   4 | 1021.8 |
         Sewer |   1008 |   1008 |      0 |      0 |    810 |   1 | 1008.0 |
      Ice Cave |    438 |    438 |      0 |    307 |     60 |   1 |  438.0 |
               +--------+--------+--------+--------+--------+-----+--------+

Top non-repeatable levels by time:
    D:10: 2534 daAuts
    D:11: 2261 daAuts
     D:9: 2242 daAuts
     D:6: 1963 daAuts
  Lair:1: 1708 daAuts
     D:7: 1619 daAuts
     D:5: 1547 daAuts
     D:4: 1290 daAuts
     D:8: 1282 daAuts
  Lair:2: 1261 daAuts
  Lair:3: 1113 daAuts
   Sewer: 1008 daAuts
     D:1: 953 daAuts
     D:2: 894 daAuts
     D:3: 770 daAuts
